 Dungeon Crawl Stone Soup version 0.27.1 (webtiles) character file.

Game seed: 7853016415358285074

488 garrulousMonolith the Digger (level 7, -7/40 HPs)
             Began as a Gargoyle Earth Elementalist on Aug 23, 2021.
             Mangled by a hell rat (8 damage)
             ... on level 5 of the Dungeon.
             The game lasted 00:06:58 (3724 turns).

garrulousMonolith the Digger (GrEE)                 Turns: 3724, Time: 00:06:58

Health: -7/40      AC: 14    Str: 12    XL:     7   Next: 13%
Magic:  1/20       EV: 12    Int: 17    God:
Gold:   232        SH:  0    Dex: 10    Spells: 6/12 levels left

rFire    . . .     SeeInvis .   b - +0 dagger (elec)
rCold    . . .     Faith    .   (no shield)
rNeg     + . .     Spirit   .   f - +3 leather armour
rPois    ∞         Reflect  .   (no helmet)
rElec    +         Harm     .   (no cloak)
rCorr    .         Rampage  .   j - +0 pair of gloves
Will     .....                  h - +2 pair of boots
Stlth    ++........             (no amulet)
HPRegen  0.13/turn              d - ring of magical power
MPRegen  0.17/turn              (no ring)

@: attractive
A: sickness immunity, AC +4, negative energy resistance 1, electricity
resistance, torment resistance 1, petrification resistance
a: no special abilities


You were on level 5 of the Dungeon.
You visited 1 branch of the dungeon, and saw 5 of its levels.

You collected 232 gold pieces.

Inventory:

Hand Weapons
 b - a +0 dagger of electrocution (weapon)
 p - a +0 mace of venom
Missiles
 a - 30 poisoned darts (quivered)
 c - 27 stones
Armour
 f - a +3 leather armour (worn)
 h - a +2 pair of boots (worn)
 j - a +0 pair of gloves (worn)
Jewellery
 d - a ring of magical power (left hand)
Scrolls
 g - a scroll of blinking {unknown}
 i - a scroll of enchant weapon {unknown}
 k - 2 scrolls of vulnerability {unknown}
 l - 3 scrolls of identify
 m - a scroll of teleportation {unknown}
 q - 3 scrolls of fog {unknown}
 r - a scroll of immolation {unknown}
Potions
 e - a potion of flight


   Skills:
 + Level 2.5 Fighting
 + Level 2.9 Dodging
 - Level 2.1 Stealth
 + Level 3.1 Spellcasting
 * Level 3.7 Conjurations
 - Level 1.0 Transmutations
 * Level 5.9 Earth Magic


You had 6 spell levels left.
You knew the following spells:

 Your Spells              Type           Power      Damage    Failure   Level
a - Sandblast             Erth           44%        2d11      1%          1
b - Stone Arrow           Conj/Erth      38%        3d9       9%          3
c - Passwall              Tmut/Erth      11%        N/A       9%          2

Your spell library contained the following spells:

 Spells                   Type           Power      Damage    Failure   Level
 Petrify                  Tmut/Erth      14%        N/A       47%         4
 Ozocubu's Armour         Ice            2%         N/A       54%         3
 Ozocubu's Refrigeration  Ice            1%         4d5       100%        7


Dungeon Overview and Level Annotations

Branches:
Dungeon (5/15)
 Temple: D:4-7

Altars:
Trog


Innate Abilities, Weirdness & Mutations

You are immune to sickness and miasma.
Your stone body is resilient. (AC +4)
You are immune to poison.
You resist negative energy. (rN+)
You are resistant to electric shocks. (rElec)
You are resistant to unholy torment.
You are immune to petrification.


Message History

The hell rat misses you.
Casting: Sandblast (safe; 1% risk of failure)
Confirm with . or Enter, or press ? or * to list all spells.
Aiming: Sandblast (safe; 1% risk of failure)
Press: ? - help, Shift-Dir - straight line, f/p - hell rat
Aim: a hell rat (almost dead, 81% to hit)
The blast of sand hits the hell rat but does no damage.
The hell rat is almost dead.
c - 29 stones The hell rat twitches its whiskers.
The hell rat closely misses you.
Casting: Sandblast (safe; 1% risk of failure)
Confirm with . or Enter, or press ? or * to list all spells.
Aiming: Sandblast (safe; 1% risk of failure)
Press: ? - help, Shift-Dir - straight line, f/p - hell rat
Aim: a hell rat (almost dead, 81% to hit)
The blast of sand hits the hell rat but does no damage.
The hell rat is almost dead.
c - 28 stones The hell rat barely misses you.
A river rat comes into view.
Casting: Sandblast (safe; 1% risk of failure)
Confirm with . or Enter, or press ? or * to list all spells.
Aiming: Sandblast (safe; 1% risk of failure)
Press: ? - help, Shift-Dir - straight line, f/p - hell rat
Aim: a hell rat (almost dead, 81% to hit)
The blast of sand hits the hell rat but does no damage.
The hell rat is almost dead.
c - 27 stones The hell rat closely misses you.
The hell rat bites you but does no damage.
You closely miss the hell rat.
The hell rat is almost dead.
The river rat twitches its whiskers.
The hell rat bites you!
* * * LOW HITPOINT WARNING * * *
It was a potion of attraction.
You feel attractive to monsters. The hell rat bites you!
You die...

#.#.†# #.###. r.
#.## #.#..#
#.##..#r ##.#
#<#..####.##.#r
#.#
##.#........#r.#
##.#
#.....####..#rr#
#.##
#.#+#...#####r.#
##.# #. +.#.#
#r## #.## ##
###.# #r## ##.#
# ##@# ##.##
#.####.##
##.##.## ##†#.#
#.#.## #####


You could see 2 hell rats and 3 river rats.

Vanquished Creatures
  A scorpion (D:4)
  A jelly (D:4)
  A hound (D:5)
  2 orc priests (D:3)
  An orc wizard (D:3)
  3 hell rats (D:5)
  A hound skeleton (D:4)
  2 adders (D:2)
  8 river rats (D:5)
  2 adder skeletons
  2 worms (D:2)
  2 dart slugs
  7 orcs
  8 endoplasms
  4 giant cockroaches
  6 goblins
  4 hobgoblins
  11 jackals
  2 quokkas
  10 ball pythons
  4 bats
  3 frilled lizards
  4 kobolds
  3 rats (D:2)
92 creatures vanquished.

Notes
Turn   | Place    | Note
-------+----------+-------------------------------------------
     0 | D:1      | garrulousMonolith the Gargoyle Earth Elementalist began the
                  | quest for the Orb.
     0 | D:1      | Reached XP level 1. HP: 10/10 MP: 3/3
    50 | D:1      | Found a faded altar of an unknown god.
   116 | D:1      | Reached XP level 2. HP: 13/16 MP: 1/5
   204 | D:1      | Reached skill level 1 in Transmutations
   388 | D:1      | Reached skill level 4 in Earth Magic
   845 | D:2      | Reached XP level 3. HP: 20/20 MP: 3/6
   858 | D:1      | Learned a level 3 spell: Stone Arrow
   861 | D:1      | Learned a level 2 spell: Passwall
   882 | D:2      | Reached skill level 1 in Fighting
  1602 | D:2      | Reached skill level 1 in Conjurations
  1792 | D:2      | Reached XP level 4. HP: 25/25 MP: 4/7
  2487 | D:3      | Found a bloodstained altar of Trog.
  2513 | D:3      | Reached XP level 5. HP: 29/29 MP: 8/8
  2543 | D:3      | Reached skill level 5 in Earth Magic
  3002 | D:4      | Reached XP level 6. HP: 35/35 MP: 10/10
  3048 | D:4      | Identified the +0 chain mail of Guoss {+Inv rElec Regen+
                  | Int+2}
  3466 | D:5      | Entered Level 5 of the Dungeon
  3699 | D:5      | Reached XP level 7. HP: 23/40 MP: 11/11
  3723 | D:5      | HP: 1/40 [hell rat (7)]
  3724 | D:5      | Mangled by a hell rat

Illustrated notes

Levels and vault maps discovered:
D:1:      giann_forest_graveyard, layout_loops_ring,
          shapermc_ecumenical_altar_gd, grunt_decor_junction, hex_medium
D:2:      layout_loops_ring, hangedman_decor_clover_reticule,
          kennysheep_decorative_pillar, minmay_cut_off
D:3:      layout_basic, trog_three_pillars_becter
D:4:      layout_rooms, dk_noncrumbling_3
D:5:      wander_guarded_unrand_ratskin, layout_loops_ring, serial_shops,
          nicolae_take_the_stairs, kennysheep_little_box, nicolae_shop_stone,
          nicolae_shop_behind_doors, shop, roderic_lattice_a, uniq_pikel,
          uniq_ijyb, uniq_sigmund

Skill      XL: |  1  2  3  4  5  6 |
---------------+-------------------+-----
Transmutations | 1 |  1.0
Earth Magic    | 4 5 |  5.9
Fighting       | 1 2 |  2.5
Dodging        | 2 |  2.9
Conjurations   | 1 2 3 |  3.7
Spellcasting   | 3 |  3.1
Stealth        | |  2.1

Action                   |  1- 3 |  4- 6 |  7- 9 || total
-------------------------+-------+-------+-------++-------
Melee: Spear             |    26 |       |       ||    26
       Quarterstaff      |    27 |     9 |       ||    36
       Dagger            |       |    38 |     8 ||    46
Throw: Dart              |       |     1 |       ||     1
 Cast: Sandblast         |    50 |    72 |    15 ||   137
  Use: Scroll            |     1 |     2 |       ||     3
       Potion            |       |     2 |     2 ||     4
 Stab: Sleeping          |       |     2 |       ||     2
Armor: Robe              |    27 |       |       ||    27
       Leather armour    |     3 |    36 |     4 ||    43
Dodge: Dodged            |    40 |    29 |    18 ||    87
